 Dungeon Crawl Stone Soup version 0.21-a0-509-gecc5317 (webtiles) character file.

30 mortelune the Digger (level 3, -2/19 HPs)
             Began as a Gargoyle Earth Elementalist on Nov 29, 2017.
             Slain by a worm (8 damage)
             ... on level 2 of the Dungeon.
             The game lasted 00:03:57 (1123 turns).

mortelune the Digger (Gargoyle Earth Elementalist)  Turns: 1123, Time: 00:03:58

Health: -2/19      AC:  5    Str: 11    XL:     3   Next: 20%
Magic:  6/7        EV: 12    Int: 16    God:
Gold:   78         SH:  0    Dex: 10    Spells: 3/7 levels left

rFire    . . .     SeeInvis .   a - +2 dagger (drain)
rCold    . . .     Gourm    .   (no shield)
rNeg     + . .     Faith    .   c - +0 robe
rPois    ∞         Spirit   .   (no helmet)
rElec    +         Reflect  .   (no cloak)
rCorr    .         Harm     .   (no gloves)
MR       .....                  (no boots)
Stlth    ++........             (no amulet)
HPRegen  0.06/turn              (no ring)
MPRegen  0.10/turn              (no ring)

@: no status effects
A: negative energy resistance 1, electricity resistance, unbreathing,
petrification resistance, rot immunity, AC +3
a: no special abilities


You were on level 2 of the Dungeon.
You were not hungry.

You visited 1 branch of the dungeon, and saw 2 of its levels.

You collected 78 gold pieces.

Inventory:

Hand Weapons
 a - a +2 dagger of draining (weapon)
Missiles
 b - 15 stones (quivered)
Armour
 c - a +0 robe (worn)
Scrolls
 f - 2 scrolls of enchant armour {unknown}
 i - a scroll of identify {unknown}
 k - a scroll of amnesia {unknown}
 l - 2 scrolls of remove curse {unknown}
 m - a scroll of teleportation {unknown}
Potions
 g - a potion of agility {unknown}
 j - a potion of degeneration {unknown}
 n - a potion of invisibility {unknown}
 o - a potion of haste {unknown}
Books
 e - a book of Geomancy

   Spells                             Type                      Level
   a - Sandblast                      Earth                        1
   b - Passwall                       Transmutation/Earth          2
   c - Stone Arrow                    Conjuration/Earth            3
   d - Petrify                        Transmutation/Earth          4
   e - Lee's Rapid Deconstruction     Earth                        5
Comestibles
 d - a bread ration
 h - 3 royal jellies


   Skills:
 - Level 1.5 Dodging
 - Level 2.1 Stealth
 + Level 2.7 Spellcasting
   Level 0.7 Transmutations
 + Level 4.4 Earth Magic


You had 3 spell levels left.
You knew the following spells:

 Your Spells              Type           Power        Failure   Level  Hunger
a - Sandblast             Erth           ###...       3%          1    #......
b - Stone Arrow           Conj/Erth      #.....       22%         3    ###....


Dungeon Overview and Level Annotations

Branches:
Dungeon (2/15)

Altars:


Innate Abilities, Weirdness & Mutations

You are resistant to torment.
Your stone body is resilient. (AC +3)
You are immune to poison.
You resist negative energy. (rN+)
You are resistant to electric shocks. (rElec)
You can survive without breathing.
You are immune to petrification.
You are immune to rotting.


Message History

You hit the worm.
The worm is moderately wounded.
The worm bites you!
You hit the worm but do no damage.
The worm is moderately wounded.
You hit the worm.
The worm is heavily wounded.
The worm barely misses you.
You hit the worm.
The worm is heavily wounded.
Casting: Sandblast
Confirm with . or Enter, or press ? or * to list all spells.
Aiming: Sandblast
Press: ? - help, Shift-Dir - straight line, f - worm
Aim: a worm (heavily wounded)
The blast of sand hits the worm.
The worm is almost dead.
b - 15 stones The worm bites you!
You die...

##### #...
###.#####
#......)[ ###
#.......# ..#
#...###.# #.#
#...##...
#w########...###.#
#@#..........# ###
#.#.######.#...#
#.#.## #.#####
#....#####.#
#...>......#
##...####### ##.##
#.# #.#


You could see a worm.

Vanquished Creatures
  An adder (D:2)
  A giant cockroach (D:1)
  5 goblins (D:1)
  2 hobgoblins (D:1)
  3 bats (D:1)
  2 frilled lizards
  3 kobolds
  4 rats (D:1)
21 creatures vanquished.

Notes
Turn   | Place    | Note
-------+----------+-------------------------------------------
     0 | D:1      | mortelune the Gargoyle Earth Elementalist began the quest for the Orb.
     0 | D:1      | Reached XP level 1. HP: 10/10 MP: 3/3
   323 | D:1      | Reached XP level 2. HP: 15/15 MP: 1/5
   326 | D:1      | Reached skill level 4 in Earth Magic
   928 | D:2      | Reached XP level 3. HP: 16/19 MP: 7/7
  1070 | D:2      | Learned a level 3 spell: Stone Arrow
  1123 | D:2      | Slain by a worm

Vault maps used:
D:1:      lightli_arrival_chessboard, minivault_11
D:2:      tso_altar, grunt_ministairs_2

Skill      XL: |  1  2 |
---------------+-------+-----
Earth Magic    | 4 |  4.4
Dodging        | |  1.5
Stealth        | |  2.1
Spellcasting   | |  2.7
Transmutations | |  0.7

Action                   || total
-------------------------++-------
Melee: Unarmed           ||    13
       Dagger            ||    50
 Cast: Sandblast         ||    19
  Eat: Chunk             ||     1
Armor: Robe              ||    14
Dodge: Dodged            ||    39

Table legend:
 A = Spawn XP
 B = Non-spawn XP
 C = Spawn XP percentage of total XP
 D = Spawn monster count
 E = Non-spawn monster count
 F = Spawn count percentage of total count
 G = Total turns spent on level
                    A         B        C        D         E        F      G
               +---------+---------+-------+---------+---------+-------+---------
         Total |       0 |      44 |   0.0 |       0 |      21 |   0.0 |  1123
               +---------+---------+-------+---------+---------+-------+---------
           D:1 |       0 |      27 |   0.0 |       0 |      18 |   0.0 |   899
           D:2 |       0 |      17 |   0.0 |       0 |       3 |   0.0 |   224
               +---------+---------+-------+---------+---------+-------+---------
